AoeStats
← NobunagaOda

Black Forest

505953737Analyzed
2v2 RM · 22d ago on Sep 11, 2026· 55m 44s· 4 players
Game mode
Random Map
Map size
Medium (4 player)
Population
200
Speed
Normal
Resources
Standard
Victory
Conquest
Starting age
Dark Age
Ending age
Imperial Age
RankedLock teamsTeams togetherTeam positionsShared explorationLock speedFull tech treeHidden civsTurbo modeCheats
Victory
Defeat
🇺🇸 Lithuanians · United States
796
+14
🇺🇸 Ethiopians · United States
766
+15
🇨🇿 Khmer · Czechia
769
-15
🇨🇿 Cumans · Czechia
734
-14
NobunagaOda
13:24 Feudal Age
12:28 Loom
26:50 Castle Age
25:07 Double-Bit Axe
25:06 Horse Collar
28:34 Heavy Plow
28:47 Bow Saw
29:09 Capped Ram
34:47 Pikeman
42:02 Scale Barding Armor
41:58 Scale Mail Armor
42:08 Forging
49:32 Imperial Age
47:21 Squires
47:09 Arson
52:19 Iron Casting
52:05 Chain Barding Armor
51:46 Padded Archer Armor
52:04 Chain Mail Armor
54:21 Halberdier
CastleDuck
0:26 Loom
16:39 Feudal Age
17:29 Double-Bit Axe
17:27 Horse Collar
19:59 Forging
19:49 Scale Mail Armor
22:09 Man-at-Arms
25:54 Fletching
28:23 Stone Mining
34:15 Padded Archer Armor
37:36 Castle Age
39:16 Leather Archer Armor
39:17 Chain Mail Armor
39:02 Elite Skirmisher
40:18 Pikeman
49:38 Imperial Age
52:21 Halberdier
[RDY] TGCID
12:50 Feudal Age
13:16 Double-Bit Axe
16:22 Fletching
21:27 Castle Age
23:43 Crossbowman
24:29 Thumb Ring
26:07 Bow Saw
26:28 Horse Collar
28:51 Bodkin Arrow
34:05 Squires
36:07 Loom
38:45 Scale Mail Armor
40:49 Padded Archer Armor
44:25 Imperial Age
42:53 Wheelbarrow
45:49 Ballistics
46:30 Chemistry
45:37 Siege Engineers
47:56 Bracer
48:12 Leather Archer Armor
49:44 Hand Cart
49:23 Arbalester
[RDY] Audemars Piguet
3:08 Loom
11:07 Feudal Age
12:39 Wheelbarrow
12:54 Double-Bit Axe
16:45 Gold Mining
17:33 Scale Barding Armor
24:56 Castle Age
23:10 Horse Collar
24:30 Bloodlines
25:16 Stone Mining
27:06 Bow Saw
30:41 Husbandry
37:33 Fortified Wall
40:53 Forging
41:52 Murder Holes
45:53 Imperial Age
44:47 Iron Casting
44:33 Chain Barding Armor
44:54 Fletching
47:20 Plate Barding Armor
46:08 Cavalier
48:13 Caravan
50:44 Hand Cart
50:17 Paladin
Connection lost

Rejoining the realm…

Still unreachable

The connection could not be restored.

Session expired

The server has moved on; the page needs a fresh start.